 Dungeon Crawl Stone Soup version 0.27-a0-1105-g946c659c87 (webtiles) character file.

Game seed: 11077359963208104257

91 kae the Skirmisher (level 4, 0/37 HPs)
             Began as a Formicid Abyssal Knight on Apr 29, 2021.
             Was a Believer of Lugonu.
             Succumbed to an adder's poison
             ... on level 2 of the Dungeon.
             The game lasted 00:02:14 (2910 turns).

kae the Skirmisher (Formicid Abyssal Knight)        Turns: 2910, Time: 00:02:15

Health: 0/37       AC:  3    Str: 18    XL:     4   Next: 87%
Magic:  6/6        EV: 11    Int: 11    God:    Lugonu [**....]
Gold:   105        SH:  0    Dex: 10    Spells: 3/3 levels left

rFire    . . .     SeeInvis +   a - +2 falchion
rCold    . . .     Faith    .   (no shield)
rNeg     . . .     Spirit   .   b - +0 leather armour
rPois    .         Reflect  .   (helmet unavailable)
rElec    .         Harm     .   (no cloak)
rCorr    .         Rampage  .   (no gloves)
Will     .....                  (no boots)
Stlth    +.........             (no amulet)
HPRegen  0.12/turn              (no ring)
MPRegen  0.10/turn              (no ring)

@: lethally poisoned (0 -> -9)
A: permanent stasis, dig shafts and tunnels, antennae 3, four strong arms
a: Dig, Shaft Self, Renounce Religion, Depart the Abyss, Bend Space


You were on level 2 of the Dungeon.
You worshipped Lugonu.
Lugonu was pleased with you.
You visited 1 branch of the dungeon, and saw 2 of its levels.
You visited the Abyss 1 time.

You collected 105 gold pieces.

Inventory:

Hand Weapons
 a - a +2 falchion (weapon)
Armour
 b - a +0 leather armour (worn)
Jewellery
 f - a +6 ring of strength
Scrolls
 c - 3 scrolls of identify
 d - a scroll of blinking
 e - a scroll of magic mapping {unknown}
 g - a scroll of summoning {unknown}


   Skills:
 + Level 3.7 Fighting
 * Level 3.1 Long Blades
 + Level 2.9 Armour
 + Level 1.7 Dodging
 + Level 2.9 Invocations


You had 3 spell levels left.
You didn't know any spells.
Your spell library was empty.

Dungeon Overview and Level Annotations

Branches:
Dungeon (2/15)

Altars:

Shops:
D:2 ([


Innate Abilities, Weirdness & Mutations

You cannot be hasted, slowed, berserked, paralysed or teleported.
You can dig through walls and to a lower floor.
You have a pair of large antennae on your head. (SInv)
Your four strong arms can wield two-handed weapons with a shield.


Message History

You closely miss the adder.
The adder is heavily wounded.
You feel sick. The adder bites you.
You are more poisoned.
The adder poisons you! The adder bites you.
You are more poisoned.
The adder poisons you!
You are too injured to fight recklessly!
Okay, then.
You hit the adder.
The adder is severely wounded.
You feel very sick. The adder barely misses you.
You closely miss the adder.
The adder is severely wounded.
You feel very sick. The adder closely misses you. The adder bites you.
* * * LOW HITPOINT WARNING * * *
You are lethally poisoned!
The adder poisons you!
You hit the adder.
The adder is severely wounded.
* * * LOW HITPOINT WARNING * * *
You feel very sick. The adder misses you.
You closely miss the adder.
The adder is severely wounded.
* * * LOW HITPOINT WARNING * * *
You feel very sick. The adder bites you.
* * * LOW HITPOINT WARNING * * *
The adder completely misses you.
You riposte.
You miss the adder.
The adder is severely wounded.
Okay, then.
You aren't carrying any potions.
Okay, then.
You hit the adder.
You kill the adder!
Lugonu accepts your kill.
You die...

##.#.# #.# #.#.# #.#
#.#.# #.# #.#.# #.#
#.#.# #.# #.#.# #)#
#####.#.#
#.##########
......#.#
#....#.....#
#######.#
####.#@##.##
#.##.######.#.##.#
#...........#.##.#
#.##.########.##.#
#(#<..........##.#
####.#.############.#
.....#..............#
#####################


There were no monsters in sight!

Vanquished Creatures
  3 adders (D:2)
  2 worms (D:2)
  A dart slug (D:1)
  6 bats
  4 endoplasms
  2 giant cockroaches
  6 goblins
  14 hobgoblins
  2 jackals (D:2)
  2 quokkas (D:1)
  8 ball pythons
  2 frilled lizards
  3 kobolds (D:1)
  3 rats (D:1)
58 creatures vanquished.

Vanquished Creatures (others)
  A fungus (D:2)
1 creature vanquished.

Grand Total: 59 creatures vanquished

Notes
Turn   | Place    | Note
-------+----------+-------------------------------------------
     0 | Abyss:1  | kae the Formicid Abyssal Knight began the quest for the
                  | Orb.
     0 | Abyss:1  | Reached XP level 1. HP: 18/18 MP: 2/2
    56 | Abyss:1  | Noticed a large abomination
    60 | D:1      | Escaped the Abyss
   120 | D:1      | Reached skill level 1 in Dodging
   270 | D:1      | Reached XP level 2. HP: 24/24 MP: 3/3
   461 | D:1      | Reached * piety under Lugonu
   857 | D:1      | Reached XP level 3. HP: 19/29 MP: 4/4
  1343 | D:2      | Found a faded altar of an unknown god.
  1391 | D:2      | Found Qecakh's Armour Emporium.
  1540 | D:2      | Reached XP level 4. HP: 33/35 MP: 6/6
  1680 | D:2      | Reached ** piety under Lugonu
  1882 | D:2      | Found Zoguejan's Antique Weapon Boutique.
  2910 | D:2      | Succumbed to an adder's poison

Illustrated notes

Levels and vault maps discovered:
D:1:      minmay_arrival_arboretum_small, layout_basic
D:2:      layout_basic, serial_shops, nicolae_shop_statue_plus, shop,
          shapermc_ecumenical_altar_gd, minmay_puff

Skill      XL: |  1  2  3  4 |
---------------+-------------+-----
Dodging        | 1 |  1.7
Long Blades    | 3 |  3.1
Fighting       | |  3.7
Armour         | |  2.9
Invocations    | |  2.9

Action                   |  1- 3 |  4- 6 || total
-------------------------+-------+-------++-------
Melee: Falchion          |    98 |    70 ||   168
Invok: Depart the Abyss  |     1 |       ||     1
 Abil: Dig               |     2 |     1 ||     3
  Use: Scroll            |     2 |       ||     2
Armor: Leather armour    |    28 |    24 ||    52
Dodge: Dodged            |    59 |    61 ||   120
       Rpst.: Falchion   |    26 |    16 ||    42

Table legend: (Time is in decaauts)
 A = Elapsed time spent in this place.
 B = Non-inter-level travel time spent in this place.
 C = Inter-level travel time spent in this place.
 D = Time resting spent in this place.
 E = Time spent auto-exploring this place.
 F = Levels seen in this place.
 G = Mean time per level.
                   A        B        C        D        E       F      G
               +--------+--------+--------+--------+--------+-----+--------+
         Total |   2941 |   2923 |     18 |    644 |   1846 |   3 |  980.3 |
       Dungeon |   2881 |   2863 |     18 |    644 |   1791 |   2 | 1440.5 |
         Abyss |     60 |     60 |      0 |      0 |     55 |   1 |   60.0 |
               +--------+--------+--------+--------+--------+-----+--------+

Top non-repeatable levels by time:
     D:2: 1469 daAuts
     D:1: 1412 daAuts
 Abyss:1: 60 daAuts
